 Dungeon Crawl Stone Soup version 0.23.1-41-g7e51ed32d8 (webtiles) character file.

Game seed: 11001587544073226095

199 PentaManta the Sneak (level 5, 0/36 HPs)
             Began as an Octopode Fighter on Mar 30, 2019.
             Slain by a centaur skeleton (7 damage)
             ... on level 3 of the Dungeon.
             The game lasted 00:04:22 (1821 turns).

PentaManta the Sneak (Octopode Fighter)             Turns: 1821, Time: 00:04:22

Health: 0/36       AC:  1    Str: 16    XL:     5   Next: 77%
Magic:  5/5        EV: 14    Int: 10    God:
Gold:   231        SH:  4    Dex: 12    Spells: 3/4 levels left

rFire    . . .     SeeInvis .   a - +0 long sword
rCold    . . .     Gourm    .   h - +0 buckler
rNeg     . . .     Faith    .   (helmet restricted)
rPois    .         Spirit   .   (no amulet)
rElec    .         Reflect  .   (no ring)
rCorr    .         Harm     .   (no ring)
MR       .....                  (no ring)
Stlth    ++++......             (no ring)
HPRegen  0.12/turn              (no ring)
MPRegen  0.09/turn              (no ring)
                                (no ring)
                                (no ring)

@: no status effects
A: almost no armour, stealthy swim, amphibious, 8 rings, constrict 8, camouflage
1, gelatinous body 1
a: no special abilities


You were on level 3 of the Dungeon.
You were not hungry.

You visited 1 branch of the dungeon, and saw 3 of its levels.

You collected 231 gold pieces.

Inventory:

Hand Weapons
 a - a +0 long sword (weapon)
 r - a +3 blowgun
Missiles
 s - 4 poisoned needles
Armour
 b - a +0 shield
 h - a +0 buckler (worn)
Jewellery
 k - an uncursed ring of resist corrosion {unknown}
Scrolls
 f - 2 scrolls of random uselessness {unknown}
 i - 2 scrolls of noise {unknown}
 j - a scroll of fear {unknown}
 l - a scroll of enchant armour {unknown}
 n - 2 scrolls of fog {unknown}
 o - 2 scrolls of remove curse {unknown}
Potions
 c - a potion of might
 e - a potion of cancellation {unknown}
 g - a potion of ambrosia {unknown}
 m - 4 potions of curing {unknown}
 p - a potion of magic {unknown}
 q - a potion of heal wounds {unknown}
Comestibles
 d - 3 rations


   Skills:
 - Level 3.0 Fighting
 + Level 4.3 Long Blades
 - Level 3.0 Dodging
 + Level 5.3 Stealth
 - Level 3.0 Shields


You had 3 spell levels left.
You knew the following spells:

 Your Spells              Type           Power        Failure   Level  Hunger
a - Freeze                Ice            #...         38%         1    ##.....

Your spell library contained the following spells:

 Spells                   Type           Power        Failure   Level  Hunger
 Throw Frost              Conj/Ice       #.....       54%         2    ###....
 Ozocubu's Armour         Chrm/Ice       #.......     77%         3    ####...
 Summon Ice Beast         Ice/Summ       #.......     99%         4    #####..
 Throw Icicle             Conj/Ice       #.......     99%         4    #####..


Dungeon Overview and Level Annotations

Branches:
Dungeon (3/15)

Altars:


Innate Abilities, Weirdness & Mutations

You cannot wear most types of armour.
You are very stealthy in the water. (Stealth+)
You are amphibious.
You can wear up to eight rings at the same time.
You can use your tentacles to constrict eight enemies at once.
Your skin changes colour to match your surroundings (Stealth+).
Your rubbery body absorbs attacks. (AC +1, EV +1)


Message History

The quokka twitches its whiskers.
You block the quokka's attack.
You closely miss the quokka. Your grab misses the quokka.
Your squeeze misses the quokka. The quokka closely misses you.
You riposte.
You miss the quokka. Your grab misses the quokka. The quokka barely misses you.
The centaur skeleton hits you.
You hit the centaur skeleton.
The centaur skeleton is lightly damaged.
The quokka closely misses you.
You riposte.
You hit the quokka.
You kill the quokka!
The centaur skeleton hits you!
You are too injured to fight recklessly!
You slash the centaur skeleton!
The centaur skeleton is heavily damaged.
The centaur skeleton hits you. x2
* * * LOW HITPOINT WARNING * * *
You hit the centaur skeleton.
The centaur skeleton is heavily damaged.
The centaur skeleton barely misses you. The centaur skeleton hits you!
You die...

#.# #. #.#
###.
###.######.
#...
#...)......
....##
#.......... #
####
#.[........
#...
#.(w.......
#... #Z# #...
#@# #...
####.#### #...
#.......# #...
#......$#
####>..
#.......#
#....##
####.####
##.#### #...#
###..# ###
###.#####...##
#..
#.†.....###
###


You could see a worm and a centaur skeleton.

Vanquished Creatures
  A howler monkey (D:3)
  A hound skeleton (D:3)
  A worker ant zombie (D:3)
  5 adders (D:2)
  A howler monkey skeleton (D:3)
  An ooze (D:1)
  2 adder zombies (D:3)
  2 dart slugs (D:1)
  5 leopard geckos
  An orc (D:3)
  9 bats
  3 giant cockroaches
  8 goblins
  7 hobgoblins
  2 quokkas (D:3)
  2 ball python skeletons (D:3)
  2 frilled lizards
  6 kobolds
  5 rats
64 creatures vanquished.

Notes
Turn   | Place    | Note
-------+----------+-------------------------------------------
     0 | D:1      | PentaManta the Octopode Fighter began the quest for the
                  | Orb.
     0 | D:1      | Reached XP level 1. HP: 16/16 MP: 1/1
    32 | D:1      | Reached skill level 1 in Stealth
    69 | D:1      | Reached XP level 2. HP: 16/21 MP: 2/2
   197 | D:1      | Reached skill level 2 in Stealth
   321 | D:1      | Reached XP level 3. HP: 24/26 MP: 3/3
   777 | D:1      | Reached skill level 3 in Stealth
   967 | D:2      | Found a faded altar of an unknown god.
  1198 | D:2      | Reached XP level 4. HP: 28/31 MP: 4/4
  1291 | D:2      | Reached skill level 4 in Stealth
  1522 | D:3      | Reached XP level 5. HP: 22/36 MP: 5/5
  1668 | D:3      | Learned a level 1 spell: Freeze
  1805 | D:3      | Reached skill level 5 in Stealth
  1821 | D:3      | Slain by a centaur skeleton

Skill      XL: |  1  2  3  4  5 |
---------------+----------------+-----
Stealth        | 1 2 3 4 5 |  5.3
Long Blades    | 3 4 |  4.3
Fighting       | |  3.0
Dodging        | |  3.0
Shields        | |  3.0

Action                   |  1- 3 |  4- 6 || total
-------------------------+-------+-------++-------
Melee: Long sword        |    61 |    58 ||   119
       Constrict         |    24 |    15 ||    39
       Tentacles         |    12 |    11 ||    23
 Cast: Freeze            |       |     1 ||     1
 Stab: Sleeping          |     8 |     6 ||    14
  Eat: Chunk             |       |     3 ||     3
Armor: Skin              |    13 |     5 ||    18
Dodge: Dodged            |    30 |    44 ||    74
Block: Shield            |     5 |       ||     5
       Buckler           |    10 |    13 ||    23
       Rpst.: Long sword |     7 |     9 ||    16
